 Dungeon Sprint DCSS version 0.27-a0-1317-gd1140b374c (console) character file.

Game seed: 781173200338864694

3900000 GreatCaesar the Intangible (level 27, -8/228 HPs)
             Began as a Djinni Gladiator on June 21, 2021.
             Was the Champion of Makhleb.
             Mangled by The Servant (77 damage)
             ... in the Dungeon (Sprint VIII: "Arena of Blood").
             The game lasted 00:07:20 (39 turns).

GreatCaesar the Intangible (Djinni Gladiator)         Turns: 39, Time: 00:07:20

Health: -8/228     AC:  8    Str: 16    XL:     27
Gold:   0          EV: 30    Int: 17    God:    Makhleb [******] SH:  0 Dex: 18

rFire    + + .     SeeInvis .   j - +∞ Axe of Woe
rCold    x . .     Faith    .   (shield currently unavailable)
rNeg     . . .     Spirit   .   b - +0 leather armour
rPois    ∞         Reflect  .   c - +0 helmet
rElec    .         Harm     .   (no cloak)
rCorr    .         Rampage  .   (no gloves)
Will     ++...     NoTele   +   (boots unavailable)
Stlth    +++++++++.             (no amulet)
HPRegen  0.48/turn              (no ring)
MPRegen  0.00/turn              (no ring)

@: flying
A: sickness immunity, fire resistance 2, cold vulnerability 1, float, innate
caster, hp casting, extra vitality 1
a: Renounce Religion, Minor Destruction, Lesser Servant of Makhleb, Major
Destruction, Greater Servant of Makhleb


You were in the Dungeon.
You worshipped Makhleb.
Makhleb was exalted by your worship.
You visited 1 branch

Inventory:

Hand Weapons
 a - a +0 war axe
 j - the +∞ Axe of Woe (weapon)
   (You found it in the Dungeon)
Missiles
 d - 3 throwing nets (quivered)
Armour
 b - a +0 leather armour (worn)
 c - a +0 helmet (worn)
Scrolls
 i - a scroll of blinking
Potions
 e - a potion of curing
 f - a potion of heal wounds
 g - a potion of haste
 h - a potion of berserk rage


   Skills:
 O Level 27 Fighting
 + Level 10.5(12.2) Short Blades
 + Level 10.5(12.2) Long Blades
 O Level 27 Axes
 O Level 27 Maces & Flails
 O Level 27 Polearms
 O Level 27 Staves
 O Level 27 Slings
 + Level 9.7 Bows
 + Level 9.7 Crossbows
 O Level 27 Throwing
 O Level 27 Armour
 O Level 27 Dodging
 O Level 27 Stealth
 + Level 11.1 Shields
 O Level 27 Unarmed Combat
 O Level 27 Spellcasting
 O Level 27 Invocations
 + Level 11.0 Evocations


You had 10 spell levels left.
You knew the following spells:

 Your Spells              Type           Power      Damage    Failure   Level
a - Corona                Hex            95%        N/A       0%          1
b - Passwall              Tmut/Erth      71%        N/A       0%          2
c - Ensorcelled Hibernat  Hex/Ice        100%       N/A       0%          2
d - Animate Dead          Necr           43%        N/A       0%          4
e - Iskenderun's Mystic   Conj/Tloc      86%        2d17      0%          4
f - Agony                 Necr           86%        N/A       0%          5
g - Shadow Creatures      Summ           N/A        N/A       0%          6
h - Monstrous Menagerie   Summ           43%        N/A       1%          7
i - Starburst             Conj/Fire      43%        8x6d12    0%          6
j - Ignition              Fire           43%        3d12      1%          8
k - Necromutation         Tmut/Necr      43%        N/A       1%          8
l - Lehudib's Crystal Sp  Conj/Erth      43%        10d10     1%          8
m - Shatter               Erth           43%        3d33*     2%          9
Your spell library was empty.

Dungeon Overview and Level Annotations

Branches:
Dungeon (1/1)

Altars:
Makhleb

Annotations:
D The Servant


Innate Abilities, Weirdness & Mutations

You are immune to sickness and miasma.
You are immune to poison.
Your flesh is very heat resistant. (rF++)
You are vulnerable to cold. (rC-)
You float through the air rather than walking.
You learn spells naturally, not from books.
Your magical power is your life essence.
You have superior vitality. (+4 HP)


Message History

Your Bows skill gained 6 levels and is now at level 6!
Your Crossbows skill gained 6 levels and is now at level 6!
Your Shields skill gained 7 levels and is now at level 7!
Your Evocations skill gained 7 levels and is now at level 7!
Unknown command.
Unknown command.
You slice the bag of meat!!
You slaughter the bag of meat joyfully.
You kill the bag of meat!
Makhleb accepts your kill.
You feel better.
You slice the bag of meat!!
You fatally mangle the bag of meat.
You kill the bag of meat!
Makhleb accepts your kill.
You feel better.
The eight-headed meat hydra calls on the powers of darkness!
The eight-headed meat hydra convulses!
The bag of meat convulses! x3
Your body is wracked with pain!
A bag of meat comes into view. It is wielding a +9 war axe.
You hear a shout! x2
A destroyer comes into view. It is wielding a +9 vorpal great sword.
You hear a shout!
Your base Short Blades skill gained 4 levels and is now at level 10!
Your base Long Blades skill gained 4 levels and is now at level 10!
Your Bows skill gained 3 levels and is now at level 9!
Your Crossbows skill gained 3 levels and is now at level 9!
Your Shields skill gained 4 levels and is now at level 11!
Your Evocations skill gained 4 levels and is now at level 11!
Unknown command.
Okay, then.
Okay, then.
Casting: Shatter (dangerous; 2% risk of failure)
Confirm with . or Enter, or press ? or * to list all spells.
Wisps of shadow whirl around you...
The shadows disperse without effect.
The bag of meat shouts!
You hear a shout! x3
A destroyer comes into view. It is wielding a +9 vorpal great sword.
The bag of meat is engulfed in blazing flames.
The destroyer blinks!
The Servant is engulfed in blazing flames.
The Servant hits you from afar with a +9 glaive of flaming!!!!
You die...

..........#V#..
........V.....D.
..O....z...o..V.
#oz.......o....
.o............
..z§°o......
#○§°§....o
#)@§V...#
...###☼o§§...###.
....o@ooo##......
#......o._.......
......#.....#....
......#_.<._# .
......#......
#........_.....
........###......


You could see The Servant, an eight-headed meat hydra, 4 destroyers, 3 sculptors
of flesh, a meat berserker (berserk) and 12 bags of meat.

Vanquished Creatures
  3 vampire knights (D)
  10 ogres (D)
  6 two-headed ogres (D)
  34 orcs (D)
  A skeletal warrior (D)
54 creatures vanquished.

Notes
Turn   | Place    | Note
-------+----------+-------------------------------------------
     0 | D        | Found the +∞ Axe of Woe
     0 | D        | GreatCaesar the Djinni Gladiator began the quest for the
                  | Orb.
     0 | D        | Reached XP level 1. HP: 18/18 MP: 0/0
     2 | D        | Noticed a bag of meat
     4 | D        | Became a worshipper of Makhleb the Destroyer
     6 | D        | Noticed a bag of meat
     6 | D        | Noticed a bag of meat
     6 | D        | Noticed a bag of meat
     7 | D        | Noticed a meat berserker
     8 | D        | Noticed a meat berserker
     9 | D        | Killed a bag of meat
     9 | D        | Killed a bag of meat
     9 | D        | Reached * piety under Makhleb
     9 | D        | Noticed a meat berserker
     9 | D        | Noticed a bag of meat
     9 | D        | Noticed a bag of meat
    10 | D        | Reached XP level 2. HP: 38/38 MP: 0/0
    10 | D        | Reached XP level 3. HP: 43/43 MP: 0/0
    10 | D        | Learned a level 1 spell: Corona
    10 | D        | Reached XP level 4. HP: 49/49 MP: 0/0
    10 | D        | Reached XP level 5. HP: 55/55 MP: 0/0
    10 | D        | Learned a level 2 spell: Passwall
    10 | D        | Reached XP level 6. HP: 61/61 MP: 0/0
    10 | D        | Reached XP level 7. HP: 67/67 MP: 0/0
    10 | D        | Learned a level 2 spell: Ensorcelled Hibernation
    10 | D        | Reached XP level 8. HP: 72/72 MP: 0/0
    10 | D        | Reached XP level 9. HP: 77/77 MP: 0/0
    10 | D        | Learned a level 4 spell: Animate Dead
    10 | D        | Reached XP level 10. HP: 84/84 MP: 0/0
    10 | D        | Reached XP level 11. HP: 89/89 MP: 0/0
    10 | D        | Learned a level 4 spell: Iskenderun's Mystic Blast
    10 | D        | Reached XP level 12. HP: 95/95 MP: 0/0
    10 | D        | Reached XP level 13. HP: 101/101 MP: 0/0
    10 | D        | Learned a level 5 spell: Agony
    10 | D        | Killed a meat berserker
    10 | D        | Killed a meat berserker
    10 | D        | Killed a bag of meat
    10 | D        | Reached ** piety under Makhleb
    10 | D        | Noticed a bag of meat
    10 | D        | Noticed a bag of meat
    11 | D        | Reached XP level 14. HP: 117/117 MP: 0/0
    11 | D        | Reached XP level 15. HP: 122/122 MP: 0/0
    11 | D        | Learned a level 6 spell: Shadow Creatures
    11 | D        | Reached XP level 16. HP: 129/129 MP: 0/0
    11 | D        | Noticed a meat berserker
    12 | D        | Noticed a meat berserker
    12 | D        | Noticed a large bag of meat
    14 | D        | Killed a meat berserker
    14 | D        | Noticed a meat berserker
    15 | D        | Reached skill level 27 in Dodging
    15 | D        | Reached XP level 17. HP: 78/139 MP: 0/0
    15 | D        | Learned a level 7 spell: Monstrous Menagerie
    16 | D        | Reached *** piety under Makhleb
    17 | D        | Reached skill level 15 in Armour
    17 | D        | Reached XP level 18. HP: 108/148 MP: 0/0
    17 | D        | Killed a meat berserker
    18 | D        | Reached skill level 27 in Axes
    18 | D        | Killed a meat berserker
    18 | D        | Reached **** piety under Makhleb
    18 | D        | Noticed a meat berserker
    19 | D        | Reached XP level 19. HP: 171/171 MP: 0/0
    19 | D        | Learned a level 6 spell: Starburst
    19 | D        | Reached XP level 20. HP: 178/178 MP: 0/0
    20 | D        | Reached ***** piety under Makhleb
    20 | D        | Noticed a large bag of meat
    21 | D        | Reached skill level 27 in Fighting
    21 | D        | Reached skill level 27 in Armour
    21 | D        | Killed a meat berserker
    21 | D        | Noticed a large bag of meat
    22 | D        | Reached XP level 21. HP: 187/187 MP: 0/0
    22 | D        | Learned a level 8 spell: Ignition
    22 | D        | Noticed a large bag of meat
    22 | D        | Killed a large bag of meat
    22 | D        | Noticed a destroyer
    23 | D        | Reached skill level 27 in Spellcasting
    23 | D        | Reached XP level 22. HP: 181/194 MP: 0/0
    24 | D        | Reached skill level 27 in Invocations
    24 | D        | Reached ****** piety under Makhleb
    24 | D        | Noticed a meat berserker
    25 | D        | Killed a meat berserker
    25 | D        | Killed a large bag of meat
    25 | D        | Noticed a destroyer
    25 | D        | Noticed a meat berserker
    26 | D        | Reached skill level 27 in Stealth
    26 | D        | Reached skill level 15 in Unarmed Combat
    26 | D        | Reached XP level 23. HP: 185/201 MP: 0/0
    26 | D        | Learned a level 8 spell: Necromutation
    26 | D        | Killed a destroyer
    26 | D        | Noticed a large bag of meat
    27 | D        | Reached XP level 24. HP: 206/208 MP: 0/0
    28 | D        | Reached skill level 27 in Unarmed Combat
    29 | D        | Reached XP level 25. HP: 210/214 MP: 0/0
    29 | D        | Learned a level 8 spell: Lehudib's Crystal Spear
    29 | D        | Noticed a large bag of meat
    29 | D        | Noticed a destroyer
    30 | D        | Reached skill level 27 in Throwing
    30 | D        | Killed a large bag of meat
    31 | D        | Reached skill level 10 in Maces & Flails
    31 | D        | Reached skill level 10 in Polearms
    31 | D        | Reached skill level 10 in Slings
    31 | D        | Killed a large bag of meat
    32 | D        | Reached XP level 26. HP: 209/221 MP: 0/0
    32 | D        | Noticed a destroyer
    32 | D        | Noticed The Servant
    33 | D        | Killed a destroyer
    33 | D        | Killed a large bag of meat
    33 | D        | Noticed a destroyer
    34 | D        | Reached XP level 27. HP: 215/228 MP: 0/0
    34 | D        | Learned a level 9 spell: Shatter
    35 | D        | Killed a large bag of meat
    35 | D        | Killed a destroyer
    36 | D        | Reached skill level 27 in Maces & Flails
    36 | D        | Reached skill level 27 in Polearms
    36 | D        | Reached skill level 27 in Slings
    38 | D        | Reached skill level 27 in Staves
    38 | D        | Noticed a destroyer
    39 | D        | Reached skill level 10 in Short Blades
    39 | D        | Reached skill level 10 in Long Blades
    39 | D        | Noticed a destroyer
    39 | D        | Mangled by The Servant

Illustrated notes

Levels and vault maps discovered:
D:        meatsprint

Skill      XL: |  1  2  3  4  5  6  7  8  9 10 11 12 13 14 15 16 17 18 19 20 21 22 23 24 25 26 27 |
---------------+----------------------------------------------------------------------------------+-----
Fighting       | 12 16 18 19 26 27 | 27.0
Axes           | 18 23 26 27 | 27.0
Throwing       | 9 12 17 23 27 | 27.0
Dodging        | 21 26 27 | 27.0
Armour         | 11 14 15 23 27 | 27.0
Spellcasting   | 8 11 12 19 26 27 | 27.0
Invocations    | 22 27 | 27.0
Stealth        | 27 | 27.0
Unarmed Combat | 15 26 27 | 27.0
Maces & Flails | 20 24 27 | 27.0
Polearms       | 20 24 27 | 27.0
Slings         | 20 24 27 | 27.0
Staves         | 27 | 27.0
Short Blades   | 10 | 10.5
Long Blades    | 10 | 10.5
Bows           | 9 |  9.7
Crossbows      | 9 |  9.7
Shields        | 11 | 11.1
Evocations     | 11 | 11.0

Action                   |  1- 3 |  4- 6 |  7- 9 | 10-12 | 13-15 | 16-18 | 19-21 | 22-24 | 25-27 || total
-------------------------+-------+-------+-------+-------+-------+-------+-------+-------+-------++-------
Melee: Executioner's axe |     1 |       |       |       |     1 |     4 |     3 |     6 |     8 ||    23
 Cast: Animate Dead      |       |       |       |       |       |     1 |       |       |       ||     1
       Shadow Creatures  |       |       |       |       |       |     1 |       |       |     1 ||     2
       Monstrous Menager |       |       |       |       |       |       |     1 |       |       ||     1
       Ignition          |       |       |       |       |       |       |       |       |     1 ||     1
       Shatter           |       |       |       |       |       |       |       |       |     1 ||     1

Table legend: (Time is in decaauts)
 A = Elapsed time spent in this place.
 B = Non-inter-level travel time spent in this place.
 C = Inter-level travel time spent in this place.
 D = Time resting spent in this place.
 E = Time spent auto-exploring this place.
 F = Levels seen in this place.
 G = Mean time per level.
                   A        B        C        D        E       F      G
               +--------+--------+--------+--------+--------+-----+--------+
         Total |     33 |     33 |      0 |      0 |      0 |   1 |   33.0 |
       Dungeon |     33 |     33 |      0 |      0 |      0 |   1 |   33.0 |
               +--------+--------+--------+--------+--------+-----+--------+

Top non-repeatable levels by time:
       D: 33 daAuts
